[Event "Titled Tuesday Blitz March 08 Early 2022"]
[White "Jaferian, Koosha"]
[Black "Zemerov, Vladimir"]
[WhiteFideId "12507440"]
[BlackFideId "4111583"]
[WhiteElo "2030"]
[BlackElo "2277"]
[Result "1-0"]
[Round "01"]
[TimeControl "180+1"]
[Date "2022.03.09"]
[WhiteClock "0:00:27"]
[BlackClock "0:01:02"]

1. Nf3 d5 2. b3 c6 3. Bb2 Nf6 4. g3 g6 5. Bg2 Bg7 6. c4 O-O 7. O-O Bf5 8. d3 h6 9. Nbd2 Qd7 10. Qc2 Bh3 11. Ne5 Qe6 12. Rfe1 Bxg2 13. Kxg2 Rd8 14. Nef3 Na6 15. a3 Rac8 16. Rac1 Qd6 17. b4 Nb8 18. Qb1 Nbd7 19. Qa1 Nh5 20. Bxg7 Nxg7 21. Rcd1 e5 22. e4 d4 23. Rf1 c5 24. Qb2 b6 25. Ng1 f5 26. f4 Rf8 27. exf5 Nxf5 28. Ne4 Qc6 29. Rde1 Ne3+ 30. Rxe3 dxe3 31. fxe5 Rxf1 32. Kxf1 Qe6 33. Nf3 Rf8 34. Kg2 g5 35. h3 g4 36. hxg4 Qxg4 37. Nf6+ Nxf6 38. exf6 Qf5 39. Qe2 Re8 40. Nh4 Qxf6 41. Qg4+ Kf7 42. Qh5+ Kf8 43. Ng6+ Kg7 44. Nf4 Rf8 45. Qe2 Re8 46. Nh5+ Kg6 47. Nxf6 Kxf6 48. Kf3 Re6 49. Kf4 Re5 50. g4 Re7 51. Qb2+ Kg6 52. Qe2 Kf6 53. b5 Kg6 54. a4 Rf7+ 55. Kg3 Re7 56. Kg2 Re6 57. Kf1 Kg5 58. Qf3 Rf6 59. Ke2 Rxf3 60. Kxf3 e2 61. Kxe2 Kxg4 62. d4 cxd4 63. c5 bxc5 64. a5 c4 65. b6 d3+ 66. Kd2 axb6 67. axb6 Kf4 68. b7 Ke4 69. b8=Q Kd4 70. Qh8+ Kc5 71. Qxh6 Kd4 72. Qh8+ Kd5 73. Qc3 Kc5 74. Ke3 Kd5 75. Qd4+ 1-0


[Site "https://www.chess.com"]

[Event "Titled Tuesday Blitz March 08 Early 2022"]
[White "Jakubowski, Krzysztof"]
[Black "Polster, Christian"]
[WhiteFideId "1112848"]
[BlackFideId "12965081"]
[WhiteElo "2365"]
[BlackElo "2289"]
[Result "1-0"]
[Round "01"]
[TimeControl "180+1"]
[Date "2022.03.09"]
[WhiteClock "0:01:22"]
[BlackClock "0:00:17"]

1. d4 d5 2. c4 e6 3. Nc3 c6 4. e3 Nf6 5. Nf3 Bd6 6. Bd3 O-O 7. e4 dxe4 8. Nxe4 Nxe4 9. Bxe4 Nd7 10. O-O Nf6 11. Bc2 h6 12. b3 c5 13. Bb2 a6 14. Qd3 Re8 15. Rad1 Qe7 16. Rfe1 b6 17. d5 Rd8 18. Ne5 Bb7 19. Ng4 1-0


[Site "https://www.chess.com"]

[Event "Titled Tuesday Blitz March 08 Early 2022"]
[White "Janturin, Artur"]
[Black "Avila Pavas, Santiago"]
[WhiteFideId "4130022"]
[BlackFideId "4437128"]
[WhiteElo "2347"]
[BlackElo "2242"]
[Result "0-1"]
[Round "01"]
[TimeControl "180+1"]
[Date "2022.03.09"]
[WhiteClock "0:00:10"]
[BlackClock "0:00:53"]

1. b3 e5 2. Bb2 d6 3. e3 f5 4. d4 e4 5. c4 Nf6 6. Nc3 g6 7. f4 exf3 8. Nxf3 Bh6 9. Qd3 O-O 10. O-O-O Ng4 11. Nd5 c6 12. Nf4 d5 13. Qc2 Nxe3 0-1


[Site "https://www.chess.com"]

[Event "Titled Tuesday Blitz March 08 Early 2022"]
[White "Jary, Sergey"]
[Black "Borodavkin, Anatoly"]
[WhiteFideId "14110350"]
[BlackFideId "14150662"]
[WhiteElo "2260"]
[BlackElo "1845"]
[Result "1-0"]
[Round "01"]
[TimeControl "180+1"]
[Date "2022.03.09"]
[WhiteClock "0:00:33"]
[BlackClock "0:00:06"]

1. e4 e5 2. Nf3 Nf6 3. d4 Nxe4 4. Bd3 d5 5. Nxe5 Bd6 6. O-O O-O 7. Nd2 Bf5 8. b3 Nc6 9. Bb2 Re8 10. Bxe4 dxe4 11. Ndc4 Nxe5 12. dxe5 Bc5 13. Qe2 Qe7 14. Ne3 Bg6 15. Rad1 c6 16. h3 Rad8 17. Qc4 Bxe3 18. fxe3 Rxd1 19. Rxd1 Rd8 20. Rxd8+ Qxd8 21. Bd4 h5 22. Qc5 a6 23. a4 Qh4 24. Qd6 Qe1+ 25. Kh2 h4 26. e6 Qg3+ 27. Qxg3 hxg3+ 28. Kxg3 fxe6 29. Kf4 Kf7 30. Ke5 Ke7 31. a5 Bh7 32. g4 g5 33. Bc5+ Kf7 34. Kd6 Kf6 35. Kc7 e5 36. Kxb7 Bg8 37. Kxa6 Ke6 38. Kb7 Kd5 39. Bb6 c5 40. a6 c4 41. bxc4+ Kxc4 42. Kc6 Bd5+ 43. Kd6 Ba8 44. Kxe5 Kc3 45. Kf5 Kxc2 46. Kxg5 Kc3 47. Kf4 Kc4 48. h4 Kb5 49. Bd4 Kxa6 50. h5 Kb5 51. Ke5 Bc6 52. h6 1-0


[Site "https://www.chess.com"]

[Event "Titled Tuesday Blitz March 08 Early 2022"]
[White "Jaskolka, Tomasz"]
[Black "Rustemov, Alexander"]
[WhiteFideId "1170791"]
[BlackFideId "4119002"]
[WhiteElo "2073"]
[BlackElo "2796"]
[Result "1-0"]
[Round "01"]
[TimeControl "180+1"]
[Date "2022.03.09"]
[WhiteClock "0:00:07"]
[BlackClock "0:00:04"]

1. d4 d5 2. Bf4 Nf6 3. e3 c5 4. Nd2 Nc6 5. Ngf3 Bg4 6. c3 e6 7. Qa4 Bxf3 8. Nxf3 a6 9. Ne5 Rc8 10. Nxc6 Qd7 11. Be2 Rxc6 12. O-O Bd6 13. Bxd6 Qxd6 14. dxc5 Qxc5 15. b4 Qd6 16. b5 Rc7 17. bxa6+ Ke7 18. axb7 Rxb7 19. Rab1 Rhb8 20. Rb3 Ne4 21. Rc1 Qc5 22. Bf3 Rxb3 23. axb3 Nxc3 24. Qh4+ Kd7 25. Ra1 h6 26. g3 Rb4 27. Qh5 Ke7 28. Qe5 f6 29. Qh5 Rb8 30. Qg6 Kf8 31. Kg2 Qe7 32. Bh5 Kg8 33. Ra6 Ne4 34. Bg4 Nc5 35. Rc6 f5 36. Bh5 Rf8 37. b4 Ne4 38. b5 Nf6 39. b6 Nxh5 40. Rc7 Qd6 41. Qxh5 Qxb6 42. Re7 Qd6 43. Ra7 Rd8 44. Qg6 Rd7 45. Qe8+ Kh7 46. Qxd7 Qe5 47. Qe7 Qe4+ 48. Kh3 Qg4+ 49. Kg2 Qe4+ 50. f3 Qc2+ 51. Kh3 Qb2 52. Qxe6 Qb1 53. Qf7 Qb2 54. Qxf5+ Kg8 55. Ra8+ 1-0


[Site "https://www.chess.com"]

[Event "Titled Tuesday Blitz March 08 Early 2022"]
[White "Johnson, Donald"]
[Black "Sanal, Vahap"]
[WhiteFideId "30949122"]
[BlackFideId "6300545"]
[WhiteElo "1724"]
[BlackElo "2603"]
[Result "0-1"]
[Round "01"]
[TimeControl "180+1"]
[Date "2022.03.08"]
[WhiteClock "0:00:06"]
[BlackClock "0:01:22"]

1. e4 d6 2. d4 Nf6 3. Nc3 e5 4. Nge2 Be7 5. g3 c6 6. Bg2 b5 7. a3 a5 8. O-O O-O 9. h3 Ba6 10. g4 b4 11. axb4 axb4 12. Na2 exd4 13. Re1 Bxe2 14. Rxe2 Qb6 15. Bd2 Na6 16. Qe1 Rab8 17. Nc1 Nc5 18. Nd3 Nxd3 19. cxd3 Nd7 20. f4 Nc5 21. Qg3 Qb5 22. Ra7 Bd8 23. Qf2 Nxd3 24. Qf1 Bb6 25. Ra1 Nxb2 26. Kh1 Nc4 27. Qe1 d3 28. Rf2 Bxf2 29. Qxf2 b3 30. Rb1 Nxd2 31. Qxd2 c5 32. Bf1 c4 33. Qc3 d5 34. exd5 Qxd5+ 35. Bg2 Qc5 36. Rb2 Rfd8 37. Bf3 Qd4 38. Qxd4 Rxd4 39. f5 h6 40. g5 hxg5 41. f6 gxf6 42. Rf2 b2 43. h4 b1=Q+ 44. Kg2 Rb2 45. hxg5 Rxf2+ 46. Kxf2 Rf4 47. gxf6 Qd1 48. Ke3 Qxf3+ 49. Kd2 Qe2+ 50. Kc3 Qe1+ 51. Kb2 Rf2+ 52. Ka3 Qa5# 0-1


[Site "https://www.chess.com"]

[Event "Titled Tuesday Blitz March 08 Early 2022"]
[White "Jones, Gawain C B"]
[Black "Iljin, Timofey"]
[WhiteFideId "409561"]
[BlackFideId "14110180"]
[WhiteElo "2657"]
[BlackElo "2396"]
[Result "1-0"]
[Round "01"]
[TimeControl "180+1"]
[Date "2022.03.08"]
[WhiteClock "0:00:19"]
[BlackClock "0:00:05"]

1. Nf3 f5 2. d3 Nf6 3. Bg5 e6 4. e4 fxe4 5. dxe4 Be7 6. Nc3 O-O 7. e5 Nh5 8. Ne4 b6 9. Bd3 Bb7 10. h4 Nc6 11. Qd2 Nb4 12. O-O-O Nxd3+ 13. Qxd3 h6 14. Be3 Nf4 15. Bxf4 Rxf4 16. Ng3 d5 17. Qg6 Qd7 18. Nh5 Rf7 19. Rd4 Raf8 20. Rg4 Bc5 21. Nf6+ Rxf6 22. exf6 d4 23. fxg7 Rd8 24. Qxh6 d3 25. Qh8+ Kf7 26. g8=Q+ Rxg8 27. Qxg8+ Kf6 28. Rf4+ Ke7 29. Qf8# 1-0


[Site "https://www.chess.com"]

[Event "Titled Tuesday Blitz March 08 Early 2022"]
[White "Jumabayev, Rinat"]
[Black "Ljukin, Sergei"]
[WhiteFideId "13702661"]
[BlackFideId "14102200"]
[WhiteElo "2561"]
[BlackElo "2312"]
[Result "1-0"]
[Round "01"]
[TimeControl "180+1"]
[Date "2022.03.08"]
[WhiteClock "0:02:30"]
[BlackClock "0:02:06"]

1. d4 d5 2. c4 c6 3. Nf3 Nf6 4. Qb3 dxc4 5. Qxc4 b5 6. Qc2 Bb7 7. Bg5 Nbd7 8. Nbd2 e6 9. e3 h6 10. Bh4 a6 11. a4 Rc8 12. Be2 c5 13. d5 Bxd5 14. axb5 axb5 15. Bxb5 Be7 16. O-O O-O 17. Rfd1 Qb6 18. Bxd7 1-0


[Site "https://www.chess.com"]

[Event "Titled Tuesday Blitz March 08 Early 2022"]
[White "Kadam, Om Manish"]
[Black "Samaganova, Aleksandra"]
[WhiteFideId "45076294"]
[BlackFideId "13800221"]
[WhiteElo "1729"]
[BlackElo "1859"]
[Result "1-0"]
[Round "01"]
[TimeControl "180+1"]
[Date "2022.03.09"]
[WhiteClock "0:00:25"]
[BlackClock "0:00:05"]

1. e4 c5 2. Nf3 e6 3. d4 cxd4 4. Nxd4 a6 5. c4 Qc7 6. Nc3 Nf6 7. Be3 Bb4 8. Bd3 Bxc3+ 9. bxc3 O-O 10. f3 d5 11. exd5 exd5 12. O-O dxc4 13. Bc2 Nc6 14. Kh1 Rd8 15. Qc1 Nd5 16. Nxc6 Qxc6 17. Bd4 h6 18. Qe1 Qc7 19. Be5 Qe7 20. Qg3 Qg5 21. Qxg5 hxg5 22. Rad1 Be6 23. Be4 Ne3 24. Rxd8+ Rxd8 25. Re1 Nd5 26. Bd4 b5 27. a3 Nf6 28. Bb7 Rd6 29. Bc5 Rd3 30. Bc6 Rxc3 31. h3 Rb3 32. Rc1 c3 33. Bb4 Nd5 34. Bxd5 Bxd5 35. Rxc3 Rxc3 36. Bxc3 Bc4 37. Kg1 f6 38. Kf2 Kf7 39. Ke3 Ke6 40. g3 Kd5 41. h4 gxh4 42. gxh4 Ke6 43. Kd4 Kd6 44. Bb4+ Kc6 45. Bf8 g6 46. Bg7 f5 47. Ke5 Bf7 48. Kf6 Be8 49. Ke7 Bd7 50. Kf7 f4 51. Kxg6 Be8+ 52. Kg5 Kd5 53. Kxf4 Ke6 54. Kg5 Kf7 55. Bc3 Kg8 56. f4 Kh7 57. f5 Kg8 58. h5 Bf7 59. h6 Kh7 60. Kf6 Bc4 61. Kg5 Kg8 62. Bg7 Bf7 63. Kf6 Bc4 64. Ke7 a5 65. Bc3 a4 66. Bb4 Bb3 67. f6 Bc4 68. Bd2 Bb3 69. f7+ Bxf7 70. h7+ Kxh7 71. Kxf7 b4 72. axb4 Kh8 73. Bc3+ Kh7 74. b5 a3 75. b6 Kh6 76. b7 Kg5 77. b8=Q Kf5 78. Qb3 1-0


[Site "https://www.chess.com"]

[Event "Titled Tuesday Blitz March 08 Early 2022"]
[White "Kadric, Denis"]
[Black "Sargissyan, Sargis"]
[WhiteFideId "14403803"]
[BlackFideId "13303210"]
[WhiteElo "2657"]
[BlackElo "2174"]
[Result "1-0"]
[Round "01"]
[TimeControl "180+1"]
[Date "2022.03.09"]
[WhiteClock "0:00:57"]
[BlackClock "0:00:10"]

1. e4 e5 2. Nf3 Nc6 3. Nc3 Nf6 4. Bb5 Bb4 5. O-O O-O 6. d3 d6 7. Ne2 Ne7 8. c3 Ba5 9. Ng3 c6 10. Ba4 Bc7 11. Re1 Re8 12. d4 Ng6 13. h3 h6 14. Bc2 Be6 15. Be3 Qe7 16. Qd2 Rad8 17. Rad1 Qf8 18. Qc1 a5 19. b3 a4 20. c4 axb3 21. axb3 b5 22. d5 cxd5 23. exd5 Bd7 24. Nf5 bxc4 25. bxc4 e4 26. N3d4 Ne5 27. Nxh6+ gxh6 28. Bxh6 Qe7 29. Bg5 Ng6 30. Bxe4 Kg7 31. Bxg6 Qxe1+ 32. Rxe1 fxg6 33. Ne6+ Bxe6 34. dxe6 Ba5 35. Bxf6+ Kxf6 36. Qf4+ Kg7 37. Qf7+ Kh8 38. Re4 1-0


[Site "https://www.chess.com"]

[Event "Titled Tuesday Blitz March 08 Early 2022"]
[White "Kamara, Ansumana"]
[Black "Vusatiuk, Vladimir"]
[WhiteFideId "1622218"]
[BlackFideId "14118610"]
[WhiteElo "1935"]
[BlackElo "2157"]
[Result "0-1"]
[Round "01"]
[TimeControl "180+1"]
[Date "2022.03.09"]
[WhiteClock "0:00:32"]
[BlackClock "0:00:22"]

1. e4 c5 2. Nf3 d6 3. d4 cxd4 4. Nxd4 Nf6 5. Nc3 Nc6 6. Be3 Ng4 7. Nxc6 Nxe3 8. Nxd8 Nxd1 9. Nxf7 Nxc3 10. Nxh8 Nxe4 11. Bc4 e6 12. O-O d5 13. Bb5+ Ke7 14. f3 Nd6 15. Bd3 g6 16. Bxg6 hxg6 17. Nxg6+ Kf7 18. Nxf8 Kxf8 19. h4 Nf5 20. h5 Ng3 21. Rfe1 Nxh5 22. Kf2 Kf7 23. Rh1 Nf6 24. g4 Bd7 25. Rh6 Rg8 26. Rah1 e5 27. Rh8 Rg7 28. Rb8 Bc6 29. Rhh8 e4 30. Rhf8+ Ke6 31. fxe4 Nxg4+ 32. Kf3 dxe4+ 33. Ke2 Bb5+ 34. Kd2 e3+ 35. Kc3 Ne5 36. a4 e2 37. Kd2 Rd7+ 38. Kc3 e1=Q+ 39. Kb3 Bc4+ 40. Ka3 Qa1+ 41. Kb4 Qxb2+ 42. Kc5 b6+ 43. Rxb6+ axb6# 0-1


[Site "https://www.chess.com"]

[Event "Titled Tuesday Blitz March 08 Early 2022"]
[White "Kashefi, Amir Hosein"]
[Black "Kozak, Antoni"]
[WhiteFideId "12557935"]
[BlackFideId "21832030"]
[WhiteElo "2107"]
[BlackElo "2236"]
[Result "0-1"]
[Round "01"]
[TimeControl "180+1"]
[Date "2022.03.09"]
[WhiteClock "0:00:07"]
[BlackClock "0:01:07"]

1. d4 d5 2. c4 e6 3. Nc3 c6 4. cxd5 exd5 5. Qc2 Bd6 6. Nf3 Ne7 7. Bg5 Bf5 8. Qxf5 Nxf5 9. Bxd8 Kxd8 10. e3 Be7 11. Bd3 Nd6 12. O-O Nd7 13. a3 a5 14. Na4 b5 15. Nc3 a4 16. Rfe1 f5 17. Ne5 Nxe5 18. dxe5 Ne4 19. Bxe4 fxe4 20. Red1 Kc7 21. f4 exf3 22. gxf3 Raf8 23. f4 g5 24. Rac1 Kb7 25. Ne2 Bd8 26. Nd4 Bb6 27. Ne6 Bxe3+ 28. Kg2 Bxc1 29. Rxc1 gxf4 30. Nxf8 Rxf8 31. Kf3 Kc7 32. Rg1 Rf7 33. Rg5 d4 34. Rh5 d3 35. Rh6 d2 36. Ke2 f3+ 37. Kxd2 f2 38. e6 f1=Q 39. exf7 Qf4+ 40. Kd3 Qxh6 41. Kc3 Qf8 42. Kc2 Qxf7 43. Kb1 Qb3 44. h4 Kd6 45. h5 Kd5 46. h6 Ke4 47. Ka1 Kd3 48. Kb1 Kd2 49. Ka1 c5 50. Kb1 c4 51. Ka1 c3 52. bxc3 Kc2 53. c4 Qb2# 0-1


[Site "https://www.chess.com"]

[Event "Titled Tuesday Blitz March 08 Early 2022"]
[White "Kobalia, Mikhail"]
[Black "Odegov, Artem"]
[WhiteFideId "4119150"]
[BlackFideId "34183644"]
[WhiteElo "2667"]
[BlackElo "2286"]
[Result "1-0"]
[Round "01"]
[TimeControl "180+1"]
[Date "2022.03.08"]
[WhiteClock "0:00:04"]
[BlackClock "0:00:06"]

1. e4 e6 2. d3 d5 3. Nd2 c5 4. Ngf3 Nc6 5. g3 g6 6. Bg2 Bg7 7. O-O Nf6 8. Re1 O-O 9. c3 Re8 10. e5 Nd7 11. d4 f6 12. exf6 Qxf6 13. Nb3 c4 14. Bg5 Qf5 15. Nbd2 e5 16. dxe5 Ndxe5 17. Nxe5 Nxe5 18. Bf4 Be6 19. Bxe5 Bxe5 20. Nf3 Bf7 21. Nxe5 Rxe5 22. Qd4 Rae8 23. Rxe5 Qxe5 24. Qxa7 b5 25. Qb6 Rb8 26. Qc5 b4 27. Rd1 bxc3 28. bxc3 Qe2 29. Qd4 Rd8 30. a4 Qc2 31. a5 Qa4 32. Qb6 Qxd1+ 33. Bf1 Re8 34. a6 Re1 35. Kg2 d4 36. Qd8+ Kg7 37. Qc7 Rxf1 38. Qe5+ Kf8 39. Qd6+ Ke8 40. Qb8+ Ke7 41. Qc7+ Kf6 42. Qf4+ Ke6 43. Qe4+ Kd6 44. Qf4+ Kc5 45. Qe5+ Kb6 46. a7 Rg1+ 47. Kh3 Be6+ 48. Qxe6+ Kxa7 49. Qd7+ Kb6 50. Qd6+ Kb5 51. Qb4+ Kc6 52. Qxc4+ Kd6 53. Qb4+ Ke5 54. Qe7+ Kd5 55. Qf7+ Ke4 56. Qf4+ Kd3 57. Qxd4+ Kc2 58. Qa4+ Kxc3 59. Qa5+ Kd3 60. Qd5+ Ke2 61. Qe4+ Kf1 62. g4 Rg2 63. Qxg2+ Ke1 64. Qg1+ Ke2 65. Qxd1+ Kxd1 66. f4 Ke2 67. f5 1-0


[Site "https://www.chess.com"]

[Event "Titled Tuesday Blitz March 08 Early 2022"]
[White "Kohler, Aran"]
[Black "Gabdrakhmanov, Azat"]
[WhiteFideId "1002856"]
[BlackFideId "34189197"]
[WhiteElo "2277"]
[BlackElo "2279"]
[Result "0-1"]
[Round "01"]
[TimeControl "180+1"]
[Date "2022.03.09"]
[WhiteClock "0:01:11"]
[BlackClock "0:01:06"]

1. d4 Nf6 2. Nf3 g6 3. Bg5 Bg7 4. Nbd2 d5 5. e3 O-O 6. Bd3 b6 7. h4 h5 8. c4 Bb7 9. Qc2 c5 10. Bxf6 Bxf6 11. cxd5 cxd4 12. e4 Nd7 13. O-O Rc8 14. Qd1 Nc5 15. Nb3 e6 16. Nxc5 Rxc5 17. e5 Bg7 18. dxe6 fxe6 19. Ng5 Rxe5 20. Bxg6 Rxg5 21. hxg5 Qxg5 22. f3 Qxg6 23. Qe2 Bh6 24. Rfd1 Be3+ 25. Kh2 Qg5 26. g3 Bxf3 27. Qc4 Bd5 0-1


[Site "https://www.chess.com"]

[Event "Titled Tuesday Blitz March 08 Early 2022"]
[White "Kosteniuk, Alexandra"]
[Black "Mikhalsky, Vladimir"]
[WhiteFideId "4128125"]
[BlackFideId "14144352"]
[WhiteElo "2469"]
[BlackElo "2301"]
[Result "0-1"]
[Round "01"]
[TimeControl "180+1"]
[Date "2022.03.09"]
[WhiteClock "0:00:08"]
[BlackClock "0:00:32"]

1. e4 g6 2. d4 Bg7 3. Nc3 d6 4. Nf3 a6 5. Be3 b5 6. h4 Nf6 7. h5 Nxh5 8. Rxh5 gxh5 9. Ng5 h6 10. Nh3 Bg4 11. Be2 Qd7 12. Nf4 Bxe2 13. Qxe2 Qg4 14. f3 Qh4+ 15. Kd2 Bxd4 16. Ncd5 Bxe3+ 17. Qxe3 Kd7 18. a4 Nc6 19. Ne2 e6 20. Ndf4 Qg5 21. Rh1 e5 22. Nxh5 Qxe3+ 23. Kxe3 bxa4 24. Nc3 Rab8 25. Nxa4 Rb4 26. b3 Ke6 27. g4 Rb5 28. Ng7+ Kf6 29. Nf5 Nd4 30. Nc3 Nxf5+ 31. exf5 Rb7 32. Ra1 h5 33. Nd5+ Kg7 34. g5 h4 35. Rh1 h3 36. Ne7 Rb4 37. f6+ Kf8 38. Nf5 Rf4 39. Ng3 h2 40. Kf2 a5 41. Kg2 a4 42. bxa4 Rxa4 43. Rb1 Ra8 44. Rb7 Rc8 45. Ra7 Ke8 46. Ra4 Kd7 47. Rg4 Rb8 48. g6 fxg6 49. Rxg6 Ke6 50. Rg7 Rbg8 51. Rxg8 Rxg8 52. Kxh2 Kxf6 0-1


[Site "https://www.chess.com"]

[Event "Titled Tuesday Blitz March 08 Early 2022"]
[White "Krylov, Ivan"]
[Black "Talibov, Shiroghlan"]
[WhiteFideId "24128066"]
[BlackFideId "13429078"]
[WhiteElo "2258"]
[BlackElo "2070"]
[Result "0-1"]
[Round "01"]
[TimeControl "180+1"]
[Date "2022.03.09"]
[WhiteClock "0:00:06"]
[BlackClock "0:00:15"]

1. e4 c5 2. Nf3 d6 3. c3 Nf6 4. h3 Nc6 5. Bd3 g6 6. Bc2 Bg7 7. O-O O-O 8. d4 cxd4 9. cxd4 d5 10. e5 Ne4 11. Re1 Bf5 12. Nc3 Nxc3 13. bxc3 Bxc2 14. Qxc2 Rc8 15. Bd2 Na5 16. Qa4 b6 17. e6 f5 18. Rac1 Qd6 19. Ng5 Rc4 20. Qd7 Rd8 21. Qxa7 Rdc8 22. Nf7 Qc7 23. Qxc7 R4xc7 24. Rb1 Nc4 25. Bf4 Rc6 26. Rb3 Ra8 27. Re2 Ra3 28. Bg5 Kf8 29. Bh6 Bxh6 30. Nxh6 Ra6 31. g4 Kg7 32. g5 Nd6 33. Reb2 Ne4 34. h4 Rxe6 35. f3 Ng3 36. Kf2 Nh5 37. Rb5 Rd6 38. Re2 Nf4 39. Reb2 Nd3+ 40. Ke3 Nxb2 41. Rxb2 Re6+ 42. Kd3 Ra3 43. Rc2 Rc6 44. Kd2 b5 45. Rb2 Rcxc3 46. Rxb5 Rxf3 47. Rxd5 Rxa2+ 48. Ke1 Rh3 49. Nxf5+ gxf5 50. Rxf5 Rh1+ 51. Rf1 Ra1+ 52. Ke2 Raxf1 0-1


[Site "https://www.chess.com"]

[Event "Titled Tuesday Blitz March 08 Early 2022"]
[White "Krysa, Leandro"]
[Black "Petrova, Irina"]
[WhiteFideId "116807"]
[BlackFideId "14124122"]
[WhiteElo "2490"]
[BlackElo "1993"]
[Result "1-0"]
[Round "01"]
[TimeControl "180+1"]
[Date "2022.03.09"]
[WhiteClock "0:00:29"]
[BlackClock "0:00:05"]

1. e4 e5 2. Nf3 Nc6 3. Nc3 Nf6 4. a4 Be7 5. Bb5 d6 6. d4 exd4 7. Nxd4 Bd7 8. O-O O-O 9. Bxc6 bxc6 10. Qf3 Re8 11. b3 c5 12. Nf5 Bxf5 13. Qxf5 Qd7 14. Qf3 Qc6 15. Bg5 Nd7 16. Bxe7 Rxe7 17. Nd5 Ree8 18. Rfe1 Nb6 19. Nc3 c4 20. b4 a5 21. b5 Qc5 22. Re3 Qd4 23. Rd1 Qe5 24. h4 Qc5 25. g3 c6 26. Rb1 cxb5 27. Rxb5 Qc6 28. Rf5 Ra7 29. h5 h6 30. Qg4 Nxa4 31. Nd5 Kh7 32. Ref3 Nb6 33. Rxf7 Rxf7 34. Rxf7 Rg8 35. Qg6+ Kh8 36. Nf6 Qc8 37. Qh7# 1-0


[Site "https://www.chess.com"]

[Event "Titled Tuesday Blitz March 08 Early 2022"]
[White "Lashkin, Jegor"]
[Black "Nguyen Hong Nhung"]
[WhiteFideId "13907808"]
[BlackFideId "12412201"]
[WhiteElo "2344"]
[BlackElo "1661"]
[Result "1-0"]
[Round "01"]
[TimeControl "180+1"]
[Date "2022.03.08"]
[WhiteClock "0:00:49"]
[BlackClock "0:00:31"]

1. Nf3 f5 2. d3 Nf6 3. e4 d6 4. exf5 Bxf5 5. d4 Nc6 6. Bd3 Bxd3 7. Qxd3 Qd7 8. O-O O-O-O 9. c4 e5 10. Nc3 Qg4 11. Re1 exd4 12. Nb5 Kb8 13. Nbxd4 Nxd4 14. Nxd4 g6 15. Bg5 Bg7 16. Ne6 Rde8 17. h3 Qh5 18. f4 Rxe6 19. Rxe6 Rf8 20. Rae1 a6 21. Qd4 h6 22. Bxf6 Bxf6 23. Re8+ Rxe8 24. Rxe8+ Bd8 25. Rxd8# 1-0


[Site "https://www.chess.com"]

[Event "Titled Tuesday Blitz March 08 Early 2022"]
[White "Lauridsen, Jesper Morch"]
[Black "Fus, Jakub"]
[WhiteFideId "1401890"]
[BlackFideId "1193023"]
[WhiteElo "2266"]
[BlackElo "2111"]
[Result "0-1"]
[Round "01"]
[TimeControl "180+1"]
[Date "2022.03.09"]
[WhiteClock "0:00:01"]
[BlackClock "0:00:17"]

1. e4 c6 2. d4 d5 3. exd5 cxd5 4. c4 Nf6 5. Nc3 g6 6. Nf3 Bg7 7. Be2 O-O 8. O-O Nc6 9. Be3 dxc4 10. Bxc4 Na5 11. Be2 Be6 12. Re1 Rc8 13. Qd2 Bc4 14. Bh6 Nd5 15. Bxg7 Kxg7 16. Ne5 Nxc3 17. bxc3 e6 18. Ng4 Qh4 19. g3 Qh3 20. Qg5 Bxe2 21. Rxe2 Nc4 22. Qf6+ Kg8 23. Re4 Nd6 24. Rf4 Nf5 25. Qe5 Rfd8 26. Nf6+ Kf8 27. Nd7+ Ke7 28. Nc5 b6 29. Ne4 Qh6 30. Qf6+ Kf8 31. Nd2 Qg7 32. Qxg7+ Kxg7 33. Ne4 Nd6 34. Nxd6 Rxd6 35. Rf3 Rc4 36. Rc1 Rdxd4 37. cxd4 Rxc1+ 38. Kg2 Rd1 0-1


[Site "https://www.chess.com"]

[Event "Titled Tuesday Blitz March 08 Early 2022"]
[White "Leiva, Gianmarco"]
[Black "Pein, Jonathan"]
[WhiteFideId "3804399"]
[BlackFideId "417092"]
[WhiteElo "2311"]
[BlackElo "2140"]
[Result "1-0"]
[Round "01"]
[TimeControl "180+1"]
[Date "2022.03.09"]
[WhiteClock "0:01:23"]
[BlackClock "0:00:03"]

1. d4 c5 2. d5 g6 3. Nc3 Bg7 4. e4 d6 5. Nf3 Nf6 6. Nd2 O-O 7. Be2 Na6 8. O-O Nc7 9. Re1 Rb8 10. a4 a6 11. a5 Bd7 12. Bf1 Nb5 13. Nxb5 axb5 14. c4 b4 15. h3 Ra8 16. Nb3 Qe8 17. Qd3 Ba4 18. e5 dxe5 19. Nxc5 e4 20. Qd2 Bd7 21. Qxb4 b6 22. Qxb6 Rb8 23. Qc7 Rc8 24. Qa7 Ra8 25. Qb6 Rb8 26. Nb7 Bc8 27. a6 Bxb7 28. axb7 Qd7 29. Ra7 Ne8 30. Bf4 Nd6 31. Bxd6 exd6 32. Rxe4 Bf6 33. Qc6 Qd8 34. b4 Kg7 35. c5 dxc5 36. bxc5 h5 37. d6 h4 38. Rea4 Bd4 1-0


[Site "https://www.chess.com"]

[Event "Titled Tuesday Blitz March 08 Early 2022"]
[White "Leve, Nitai"]
[Black "Wagner, Dennis"]
[WhiteFideId "2006898"]
[BlackFideId "24650684"]
[WhiteElo "2144"]
[BlackElo "2355"]
[Result "1/2-1/2"]
[Round "01"]
[TimeControl "180+1"]
[Date "2022.03.09"]
[WhiteClock "0:00:04"]
[BlackClock "0:00:14"]

1. e4 c5 2. Nf3 d6 3. d4 cxd4 4. Qxd4 Nf6 5. Bg5 Nc6 6. Bb5 Bd7 7. Bxc6 Bxc6 8. Nc3 e6 9. O-O-O Be7 10. Qd3 Qa5 11. Kb1 O-O 12. h4 h6 13. Bd2 Qa6 14. Nd4 Qxd3 15. cxd3 Bd7 16. f3 e5 17. Nf5 Bxf5 18. exf5 d5 19. g4 d4 20. Ne4 Nxe4 21. fxe4 f6 22. g5 hxg5 23. hxg5 fxg5 24. Rdg1 Rac8 25. Bxg5 Bxg5 26. Rxg5 Rf6 27. Rhg1 Rc7 28. Rg6 Rxg6 29. Rxg6 Kf7 30. Re6 Re7 31. Rxe7+ Kxe7 32. Kc2 Kd6 33. b4 a6 34. Kd2 Kc6 35. Kc2 Kb5 36. Kb3 b6 37. a3 Kc6 38. a4 b5 39. axb5+ axb5 40. Kc2 Kd6 41. Kd2 Ke7 42. Ke1 Kf6 43. Kf2 g6 44. fxg6 Kxg6 45. Kg2 Kh6 46. Kh2 Kg5 47. Kg3 Kh5 48. Kh3 Kg5 49. Kg3 Kh5 50. Kh3 Kg5 51. Kg3 1/2-1/2


[Site "https://www.chess.com"]

[Event "Titled Tuesday Blitz March 08 Early 2022"]
[White "Lewtak, Damian"]
[Black "Maksimovic, Bojan"]
[WhiteFideId "1141724"]
[BlackFideId "14408120"]
[WhiteElo "2362"]
[BlackElo "2448"]
[Result "0-1"]
[Round "01"]
[TimeControl "180+1"]
[Date "2022.03.09"]
[WhiteClock "0:00:36"]
[BlackClock "0:01:28"]

1. d4 d5 2. c3 Bf5 3. Nf3 e6 4. Bf4 Bd6 5. Bxd6 cxd6 6. e3 Nf6 7. Nbd2 O-O 8. Be2 Qb6 9. Qb3 Nbd7 10. Qxb6 Nxb6 11. Nh4 Be4 12. f3 Bg6 13. Nxg6 hxg6 14. f4 Na4 15. Rb1 a6 16. g4 Rfe8 17. g5 Nd7 18. h4 e5 19. Kf2 b5 20. h5 gxh5 21. Rxh5 g6 22. Rh6 Kg7 23. Nb3 Rh8 24. Rxh8 Rxh8 25. Kg3 f6 26. Na5 exf4+ 27. exf4 fxg5 28. fxg5 Nf8 29. Bg4 Nh7 30. Nb7 Nxg5 31. Nxd6 Rd8 32. Nb7 Ne4+ 33. Kg2 Rf8 34. Bf3 Rxf3 0-1


[Site "https://www.chess.com"]